cohdb
Replays
Latest Replays
All Replays
Popular Replays
Top Player Replays
Match Explorer
How It Works
Community
CoH3 Stats
Reddit
Sign in to upload your games and track your stats! →
Sign in with Steam
Match 41475476
Unlisted
Match 41475476
Overview
Messages
Build Orders
End
Kradschützen Motorcycle Team
Panzerpioneer Squad
250 Light Carrier
Construct Light Support Kompanie
MG34 Team
Panzerpioneer Squad
Panzergrenadier Squad
Fire Support Elements
Selects Panzerjäger Kommand Battlegroup
Selects Mine Fields
Panzerjäger Mechanized Group
Flakvierling Half-track
Vehicle Survival Package
Selects Defensive Positions
2.5-tonne Medical Truck
Selects Butterfly Bomb Drop
Construct Panzerarmee Kommand
Butterfly Bomb Drop
Panzer III L Medium Tank
Emergency Repair Kits
Veteran Squad Leaders
Armored Reserves
Selects Tank Busters
Panzer IV Assault Group
Selects Crew Shock Tactics
Selects Anti-tank Overwatch
Rapid Advance
Anti-tank Overwatch
只愛❤毛妹
OnCe_Ov3R
0
0
Comments
sign in to comment!
No comments posted yet!